 Dungeon Crawl Stone Soup version 0.32-a0-17-gb74e046682 (webtiles) character file.

Game seed: 11876750705044695883

2520 Hellonello the Martial Artist (level 9, -9/57 HPs)
             Began as an Octopode Shapeshifter on Jan 15, 2024.
             Was an Initiate of Gozag.
             Mangled by Maggie
             ... wielding a +0 morningstar
              (18 damage)
             ... on level 7 of the Dungeon.
             The game lasted 00:14:21 (6380 turns).

Hellonello the Martial Artist (OpSh)                Turns: 6380, Time: 00:14:21

Health: -9/57      AC:  1    Str: 13    XL:     9   Next: 54%
Magic:  9/9        EV: 14    Int: 12    God:    Gozag
Gold:   779        SH:  5    Dex: 16    Spells: 8/8 levels left

rFire   . .          .
                       - Unarmed
rCold   . . .        (no shield)
rNeg    . . .        (helmet currently unavailable)
rPois   .            k - amulet of reflection
rElec   .            g - ring of resist corrosion
rCorr   +            t - +4 ring of slaying
SInv    .            u - ring of Veroisie {Fly rCorr Stlth+}
Will    .....        (no ring)
Stlth   +++          (no ring)
HPRegen 0.29/turn    (no ring)
MPRegen 0.11/turn    (no ring)
                     (no ring)

%: reflection
@: beast-form, flying, mesmerised
A: beast (slay +1), almost no armour, amphibious, 8 rings, camouflage 1,
gelatinous body 1, (nimble swimmer 1), tentacles
a: Begin Untransformation, Renounce Religion, Potion Petition, Call Merchant,
Bribe Branch


You were on level 7 of the Dungeon.
You worshipped Gozag.
Gozag was pleased with you.
You were a hulking beast.
You visited 2 branches of the dungeon, and saw 8 of its levels.

You collected 830 gold pieces.
You paid 51 gold pieces to Gozag.

Inventory:

Hand Weapons
 v - a +4 trident of draining
Armour
 s - an orb of guile
Jewellery
 g - a ring of resist corrosion (left tentacle)
 k - an amulet of reflection (around mantle)
 t - a +4 ring of slaying (right tentacle)
 u - the ring of Veroisie (on tentacle) {Fly rCorr Stlth+}
   (You found it on level 6 of the Dungeon)

   [ring of flight]

   Fly:       It grants you flight.
   rCorr:     It protects you from acid and corrosion.
   Stlth+:    It makes you more stealthy.
Talismans
 b - a beast talisman
 c - a flux talisman
Wands
 o - a wand of roots (13)
 y - a wand of light (10)
Scrolls
 f - a scroll of fog
 i - a scroll of brand weapon
 j - a scroll of amnesia
 m - a scroll of fear
 n - 3 scrolls of vulnerability
 w - 2 scrolls of identify
 z - a scroll of immolation {unknown}
Potions
 a - a potion of lignification
 d - a potion of curing
 e - 2 potions of haste
 h - a potion of mutation
 l - a potion of enlightenment {unknown}
 p - a potion of ambrosia {unknown}
 q - 2 potions of cancellation {unknown}
 r - a potion of heal wounds {unknown}
 x - a potion of degeneration {unknown}


   Skills:
 + Level 3.4 Fighting
 + Level 3.9 Dodging
 - Level 12.0 Unarmed Combat
 - Level 3.0 Shapeshifting


You had 8 spell levels left.
You didn't know any spells.
Your spell library contained the following spells:

 Spells                   Type           Power      Damage    Failure   Level
 Kiss of Death            Conj/Necr      0%         2d5       32%         1
 Sandblast                Erth           0%         2d4       32%         1
 Mercury Vapours          Alch/Air       0%         N/A       45%         2
 Sublimation of Blood     Necr           0%         N/A       45%         2
 Confusing Touch          Hex            0%         N/A       69%         3
 Mephitic Cloud           Conj/Alch/Air  0%         N/A       69%         3
 Passwall                 Erth           0%         N/A       69%         3
 Stone Arrow              Conj/Erth      0%         3d7       69%         3
 Anguish                  Hex/Necr       0%         N/A       97%         4
 Brom's Barrelling Bould  Conj/Erth      0%         2d3       97%         4
 Cause Fear               Hex            0%         N/A       97%         4
 Dispel Undead            Necr           0%         3d6       97%         4
 Petrify                  Alch/Erth      0%         N/A       97%         4
 Freezing Cloud           Conj/Ice/Air   0%         6-21      100%        5
 Irradiate                Conj/Alch      0%         3d11      100%        5
 Enfeeble                 Hex            0%         N/A       100%        7


Dungeon Overview and Level Annotations

Branches:
Dungeon (7/15)             Temple (1/1) D:4

Altars:
Ashenzari
Cheibriados
Dithmenos
Elyvilon
Fedhas
Gozag
Hepliaklqana
Kikubaaqudgha
Makhleb
Nemelex Xobeh
Okawaru
Qazlal
Ru
Sif Muna
Uskayaw
Wu Jian
Yredelemnul
Zin
The Shining One

Shops:
D:7 (

Annotations:
D:7 Maggie


Innate Abilities, Weirdness & Mutations

You are a hulking beast.
Your limbs bulge with bestial killing power. (Slay +1)
You cannot wear most types of armour.
You are amphibious.
You can wear up to eight rings at the same time.
Your skin changes colour to match your surroundings (Stealth+).
Your rubbery body absorbs attacks. (AC +1, EV +1)
((You are camouflaged when in or above water. (Stealth+)))
You have tentacles for arms and can constrict up to eight enemies at once.


Message History

A gnoll comes into view.
It is wielding a +2 flail of protection.
A gnoll sergeant comes into view. It is wielding a +0 trident.
You block Maggie's attack.
You barely miss Maggie. You grab Maggie.
You constrict Maggie, but do no damage.
You tentacle-slap Maggie but do no damage.
You constrict Maggie. Maggie hits you with a +0 morningstar!
You tentacle-slap Maggie.
Maggie is lightly wounded.
You constrict Maggie.
Maggie mutters to herself, "Master Lance won't take me back.
This is the way forward."
Maggie mumbles some strange words.
Maggie draws you further into her thrall.
A gnoll comes into view. It is wielding a +0 halberd.
You bludgeon Maggie!
Maggie is moderately wounded.
You constrict Maggie, but do no damage. You block Maggie's attack.
A gnoll comes into view. It is wielding a +0 club.
The gnoll shouts!
You bludgeon Maggie! You squeeze Maggie!
Maggie is severely wounded.
You constrict Maggie. You bludgeon Maggie! You tentacle-slap Maggie.
Maggie is severely wounded.
You constrict Maggie.
Maggie mumbles the words to a spell, but in the wrong order.
Maggie hits you with a +0 morningstar.
The gnoll hits you from afar with a +0 halberd!
You tentacle-slap Maggie.
Maggie is almost dead.
You constrict Maggie, but do no damage. Maggie hits you with a +0 morningstar!
The gnoll hits you with a +2 flail of protection!
The gnoll barely misses you.
The gnoll sergeant hits you from afar with a +0 trident!
* * * LOW HITPOINT WARNING * * *
You tentacle-slap Maggie.
Maggie is almost dead.
You constrict Maggie. Maggie hits you with a +0 morningstar!!
You die...
Your body crumbles into a pile of gold.

...... .............
##....... #....
#..........#.###........
##...
.......(...#.##...#..##.
...#
..........#.........####
#..#
..........#..###....# #
...#
...........#...#....#
....
.....g.%..####.....##
.### ##.g.g..# #....##
.# #.g.h.## .....# ##
......@#[# #...##
#.......## ## #......)
###.#### #. #


You could see Maggie (mesmerising), a gnoll sergeant and 3 gnolls.

Vanquished Creatures
  Jeremiah (D:7)
  Sigmund (D:3)
  An ice beast (D:6)
  2 black bears
  3 ogres
  Blork the orc (D:4)
  2 phantoms
  3 bullfrogs
  A kobold brigand (D:6)
  3 scorpions
  3 wights (D:7)
  2 bombardier beetles
  Crazy Yiuf (D:2)
  A gnoll bouda (D:6)
  2 hounds
  2 orc priests
  A jelly (D:7)
  6 iguanas
  A sleepcap (D:5)
  2 orc wizards
  8 gnolls
  5 adders
  4 ufetubi (D:5)
  5 ribbon worms
  2 dart slugs
  18 orcs
  7 ball pythons
  4 endoplasms (D:2)
  2 giant cockroaches
  3 goblins
  8 hobgoblins
  11 jackals
  16 kobolds
  2 quokkas
  4 bats
  A frilled lizard (D:1)
  12 rats
151 creatures vanquished.

Notes
Turn   | Place    | Note
-------+----------+-------------------------------------------
     0 | D:1      | Hellonello the Octopode Shapeshifter began the quest for
                  | the Orb.
     0 | D:1      | Reached XP level 1. HP: 13/13 MP: 1/1
    68 | D:1      | Reached XP level 2. HP: 16/18 MP: 2/2
   426 | D:1      | Reached skill level 4 in Unarmed Combat
   510 | D:1      | Reached XP level 3. HP: 23/23 MP: 3/3
  1446 | D:2      | Found a runed translucent door.
  1447 | D:2      | Noticed Crazy Yiuf
  1454 | D:2      | Killed Crazy Yiuf
  1455 | D:2      | Reached skill level 5 in Unarmed Combat
  1455 | D:2      | Reached XP level 4. HP: 18/28 MP: 4/4
  1814 | D:3      | Noticed a scorpion
  1829 | D:3      | Killed a scorpion
  1830 | D:3      | Reached XP level 5. HP: 15/33 MP: 5/5
  2067 | D:3      | Reached skill level 6 in Unarmed Combat
  2171 | D:3      | Noticed Sigmund
  2178 | D:3      | Killed Sigmund
  2179 | D:3      | Reached skill level 7 in Unarmed Combat
  2179 | D:3      | Reached XP level 6. HP: 17/38 MP: 6/6
  2498 | D:4      | Reached XP level 7. HP: 23/43 MP: 7/7
  2729 | D:3      | Reached skill level 8 in Unarmed Combat
  2949 | D:4      | Found a staircase to the Ecumenical Temple.
  2971 | D:4      | Noticed Blork the orc
  2982 | D:4      | Killed Blork the orc
  2990 | Temple   | Entered the Ecumenical Temple
  3127 | Temple   | Became a worshipper of Gozag Ym Sagoz the Greedy
  3727 | D:5      | Entered Level 5 of the Dungeon
  3952 | D:5      | Reached skill level 9 in Unarmed Combat
  3952 | D:5      | HP: 2/64 [adder (3)]
  4354 | D:5      | Reached XP level 8. HP: 48/48 MP: 8/8
  4652 | D:5      | Reached skill level 10 in Unarmed Combat
  5105 | D:6      | Found a broken altar of Ashenzari.
  5215 | D:6      | Reached skill level 11 in Unarmed Combat
  5472 | D:6      | Reached XP level 9. HP: 35/53 MP: 9/9
  5572 | D:6      | Identified the ring of Veroisie {Fly rCorr Stlth+}
  5636 | D:6      | Reached skill level 12 in Unarmed Combat
  5721 | D:7      | Noticed Jeremiah
  5735 | D:7      | Killed Jeremiah
  5738 | D:7      | HP: 1/55 [gnoll/+0 spear[a gnoll bouda] (5)]
  6273 | D:7      | Found Zium's Weapon Emporium.
  6368 | D:7      | Noticed Maggie
  6380 | D:7      | Mangled by Maggie

Illustrated notes

Levels and vault maps discovered:
D:1:      minmay_arrival_plants_in_alcoves, layout_basic, minmay_tromino_i4
D:2:      minmay_inner_zag, layout_loops_ring, chequers_serial_rivers_small_a,
          kennysheep_generic_room_5, uniq_crazy_yiuf_cottage
D:3:      layout_rooms, uniq_sigmund
D:4:      layout_loops_cross, minmay_temple_entry_ruins, grunt_ministairs_5,
          uniq_blork_the_orc
D:5:      layout_cave_pods, minmay_misc_feat_more_columns
D:6:      layout_rooms, marbit_many_paths
D:7:      layout_cave_pools, serial_shops, kennysheep_mini_moat, uniq_maggie,
          uniq_jeremiah
Temple:   nicolae_temple_bog_church

Skill      XL: |  1  2  3  4  5  6  7  8  9 |
---------------+----------------------------+-----
Unarmed Combat | 4 5 7 9 11 12 | 12.0
Fighting       | 3 |  3.4
Dodging        | 3 |  3.9
Shapeshifting  | |  3.0

Action                     |  1- 3 |  4- 6 |  7- 9 || total
---------------------------+-------+-------+-------++-------
  Melee: Unarmed           |    72 |    69 |   202 ||   343
         Constrict         |    21 |    16 |    50 ||    87
         Tentacles         |    13 |    10 |    41 ||    64
         Punch             |     1 |     6 |    11 ||    18
    Use: Scroll            |     4 |     6 |     5 ||    15
         Potion            |       |     1 |     3 ||     4
   Stab: Sleeping          |     6 |     2 |     8 ||    16
 Armour: Skin              |    26 |    17 |    94 ||   137
  Dodge: Dodged            |    50 |    37 |   115 ||   202
  Block: Other             |       |     2 |    42 ||    44
         Reflection        |       |       |     4 ||     4

Table legend: (Time is in decaauts)
 A = Elapsed time spent in this place.
 B = Non-inter-level travel time spent in this place.
 C = Inter-level travel time spent in this place.
 D = Time resting spent in this place.
 E = Time spent auto-exploring this place.
 F = Levels seen in this place.
 G = Mean time per level.
                   A        B        C        D        E       F      G
               +--------+--------+--------+--------+--------+-----+--------+
         Total |   6351 |   6206 |    145 |   1462 |   3419 |   8 |  793.9 |
       Dungeon |   6207 |   6062 |    145 |   1332 |   3419 |   7 |  886.7 |
        Temple |    144 |    144 |      0 |    130 |      0 |   1 |  144.0 |
               +--------+--------+--------+--------+--------+-----+--------+

Top non-repeatable levels by time:
     D:6: 1126 daAuts
     D:5: 1107 daAuts
     D:2: 966 daAuts
     D:3: 902 daAuts
     D:4: 873 daAuts
     D:1: 829 daAuts
     D:7: 402 daAuts
  Temple: 144 daAuts
